 Dungeon Crawl Stone Soup version 0.18-a0-1203-gbde16db (webtiles) character file.

56 Leszczynek the Cudgeler (level 3, -2/29 HPs)
             Began as a Draconian Gladiator on Feb 1, 2016.
             Slain by a gnoll
             ... wielding a +0 whip
              (6 damage)
             ... on level 1 of the Dungeon.
             The game lasted 00:03:03 (1856 turns).

Leszczynek the Cudgeler (Draconian Gladiator)       Turns: 1856, Time: 00:03:03

Health: -2/29      AC:  5    Str: 17    XL:     3   Next: 69%
Magic:  1/1        EV: 12    Int:  8    God:
Gold:   159        SH:  0    Dex: 12    Spells: 0 memorised, 2 levels left

rFire  . . .     SeeInvis .     p - +1 flail (antimagic)
rCold  . . .     Gourm    .     (armour unavailable)
rNeg   . . .     Faith    .     (no shield)
rPois  .         Spirit   .     b - +0 hat
rElec  .         Dismiss  .     (no cloak)
rCorr  .         Reflect  .     (no gloves)
SustAt .         Harm     .     (no boots)
MR     .....                    (no amulet)
Stlth  +.........               (no ring)
                                (no ring)

@: not resistant to hostile enchantments, very unstealthy
A: unfitting armour, cold-blooded, AC +5
a: no special abilities


You were on level 1 of the Dungeon.
You were not hungry.

You visited 1 branch of the dungeon, and saw 2 of its levels.

You collected 159 gold pieces.

Inventory:

Hand Weapons
 p - a +1 antimagic flail (weapon)
Missiles
 c - 5 throwing nets
 e - 46 stones
 h - 7 tomahawks of returning (quivered)
Armour
 b - a +0 hat (worn)
Jewellery
 a - a cursed ring of positive energy {unknown}
 i - an uncursed ring of fire {unknown}
Scrolls
 f - 2 scrolls of noise {unknown}
 l - a scroll of remove curse {unknown}
 o - a scroll of identify {unknown}
Potions
 j - a potion of agility {unknown}
 k - a potion of ambrosia {unknown}
 m - a potion of heal wounds {unknown}
 n - a potion of resistance {unknown}
Comestibles
 d - a bread ration
 g - a meat ration


   Skills:
 - Level 2.1 Fighting
 + Level 4.7 Maces & Flails
 - Level 1.7 Throwing
 - Level 2.6 Dodging


You had 2 spell levels left.
You didn't know any spells.

Dungeon Overview and Level Annotations

Branches:
Dungeon (2/15)

Altars:
Ashenzari
Kikubaaqudgha


Innate Abilities, Weirdness & Mutations

Your plain brown scales are hard (AC +5).
Your body does not fit into most forms of armour.
You are cold-blooded and may be slowed by cold attacks.


Message History

The gnoll is moderately wounded.
The gnoll hits you with a whip.
You hit the gnoll but do no damage.
The gnoll is moderately wounded.
The gnoll closely misses you.
You barely miss the gnoll.
The gnoll is moderately wounded.
The gnoll hits you with a whip!
You sock the gnoll!
The gnoll is severely wounded.
The gnoll hits you with a whip!
You barely miss the gnoll.
The gnoll is severely wounded.
The gnoll closely misses you.
You barely miss the gnoll.
The gnoll is severely wounded.
The gnoll hits you with a whip!
* * * LOW HITPOINT WARNING * * *
The gnoll hits you with a whip.
You die...

#.#)##.........# #
#))............# #
#..###.........# #
#..# ##.......####
#..# #............
#..# #.##...##..##
#..# #.###.###..##
#..# #.# #.# #....
#@g# #.# #.# #.###
#..# #.# #.# #.# #..#
#.# #.###.###
#.####.###>.......
#..............###
#.......##.#####
####.#####.##.# #
#...........#.#######
#.##.#####...........


You could see a gnoll.

Vanquished Creatures
  An adder (D:2)
  A gnoll (D:2)
  A worm (D:2)
  3 giant geckos
  2 giant cockroaches
  5 goblins
  2 hobgoblins
  3 bats
  3 giant newts (D:1)
  8 kobolds
  3 rats (D:1)
  A rat zombie (D:2)
33 creatures vanquished.

Notes
Turn   | Place    | Note
--------------------------------------------------------------
     0 | D:1      | Leszczynek the Draconian Gladiator began the quest for the Orb.
     0 | D:1      | Reached XP level 1. HP: 17/17 MP: 1/1
   410 | D:1      | Reached XP level 2. HP: 24/24 MP: 2/2
   860 | D:1      | Found a shattered altar of Ashenzari.
   935 | D:1      | Reached skill level 4 in Maces & Flails
  1069 | D:2      | Reached XP level 3. HP: 18/29 MP: 3/3
  1518 | D:2      | Found an ancient bone altar of Kikubaaqudgha.
  1856 | D:1      | Slain by a gnoll

Vault maps used:
D:1:      lightli_molten_gateway, ashenzari_altar_1
D:2:      lemuel_zombie_altar_kikubaaqudgha, ecumenical_altar_2,
          serial_bayou_crossing

Action                   || total
-------------------------++-------
Melee: Flail             ||   107
Throw: Tomahawk          ||     2
 Stab: Sleeping          ||     1
  Eat: Chunk             ||     3
